 Dungeon Crawl Stone Soup version 0.28.0-62-gf88900778d (webtiles) character file.

Game seed: 12508096664438641662

501932 Juvenus the Skullcrusher (level 24, -2/249 HPs)
             Began as a Minotaur Berserker on Oct 30, 2023.
             Was a High Priest of Trog.
             Killed from afar by a quicksilver dragon (28 damage)
             ... with a bolt of dispelling energy
             ... on level 4 of the Depths on Nov 6, 2023.
             The game lasted 05:02:42 (86278 turns).

Juvenus the Skullcrusher (Minotaur Berserker)      Turns: 86278, Time: 05:02:43

Health: -2/249     AC: 27    Str: 43      XL:     24   Next: 6%
Magic:  22/22      EV:  9    Int:  5 (6)  God:    Trog [*****.]
Gold:   5254       SH: 26    Dex: 12      Spells: 23/23 levels left

rFire   + + +      SeeInvis .   C - +9 morningstar (drain)
rCold   + + .      Faith    .   x - +5 kite shield "Xyshy" {Will+ rCorr}
rNeg    . . .      Spirit   .   M - +1 gold dragon scales
rPois   +          Reflect  +   (helmet restricted)
rElec   .          Harm     .   G - scarf {rC+ rF+}
rCorr   +          Rampage  .   e - +0 pair of gloves of Discretion {Str+4}
Will    ++++.      Rage     1%  (no boots)
Stlth   ..........              y - amulet of Qazlal's Benevolence {Reflect Str+3 SH+5}
HPRegen 1.51/turn               h - ring of poison resistance
MPRegen 0.18/turn               S - ring of Raethoriu {rF+ Str+4}

@: strong-willed, regenerating
A: horns 2, retaliatory headbutt, berserk 1, clever 1, deterioration 1,
screaming 1, wild magic 1
}: 2/15 runes: silver, gossamer
a: Renounce Religion, Berserk, Trog's Hand, Brothers in Arms


You were on level 4 of the Depths.
You worshipped Trog.
Trog was extremely pleased with you.
You visited 8 branches of the dungeon, and saw 41 of its levels.
You visited the Abyss 3 times.

You collected 6189 gold pieces.
You spent 935 gold pieces at shops.

Inventory:

Hand Weapons
 C - a +9 morningstar of draining (weapon)
 N - the +7 great mace "Undeadhunter" {disrupt, rN+}
   (You found it on level 12 of the Dungeon)

   It inflicts significantly more damage against the undead.
   rN:        It protects you from negative energy.
Armour
 e - the +0 pair of gloves of Discretion (worn) {Str+4}
   (You acquired it on level 9 of the Dungeon)

   Str:       It affects your strength (+4).
 x - the +5 kite shield "Xyshy" (worn) {Will+ rCorr}
   (You acquired it on level 5 of the Vaults)

   rCorr:     It protects you from acid and corrosion.
   Will:      It increases your willpower.
 D - a +6 crystal plate armour
 G - a scarf of resistance (worn)
 M - +1 gold dragon scales (worn)
 P - a +2 kite shield of poison resistance
Jewellery
 h - a ring of poison resistance (left hand)
 i - a ring of protection from fire
 k - a ring of willpower
 l - a ring of protection from cold
 n - a ring of protection from fire
 q - a +6 ring of strength
 y - the amulet of Qazlal's Benevolence (around neck) {Reflect Str+3 SH+5}
   (You acquired it on level 3 of the Spider Nest)

   [amulet of reflection]

   It reflects blocked missile attacks.
   Str:       It affects your strength (+3).
   SH:        It affects your SH (+5).
 A - a ring of positive energy
 B - a +6 ring of strength
 E - a ring of protection from cold
 R - the ring of Tusatum {Will+ rCorr Str+4 Int-2}
   (You took it off a wizard on level 2 of the Depths)

   [ring of willpower]

   Str:       It affects your strength (+4).
   Int:       It affects your intelligence (-2).
   rCorr:     It protects you from acid and corrosion.
   Will:      It increases your willpower.
 S - the ring of Raethoriu (right hand) {rF+ Str+4}
   (You found it on level 6 of the Lair of Beasts)

   [ring of protection from fire]

   Str:       It affects your strength (+4).
   rF:        It protects you from fire.
 T - a ring of resist corrosion
 Y - a ring of flight
Wands
 a - a wand of acid (31)
 t - a wand of paralysis (9)
 u - a wand of iceblast (10)
 I - a wand of flame (48)
 K - a wand of polymorph (15)
 O - a wand of digging (5)
 Q - a wand of charming (7)
Scrolls
 c - 4 scrolls of immolation
 f - 3 scrolls of fear
 g - 12 scrolls of identify
 m - 7 scrolls of magic mapping
 r - 7 scrolls of teleportation
 H - a scroll of fog
 L - a scroll of enchant armour
 W - 2 scrolls of silence
Potions
 b - 4 potions of might
 d - 9 potions of magic
 j - 3 potions of attraction
 o - 11 potions of curing
 p - 8 potions of ambrosia
 s - 8 potions of flight
 v - 6 potions of invisibility
 w - 6 potions of haste
 z - 6 potions of lignification
 F - 7 potions of cancellation
 J - a potion of mutation


   Skills:
 O Level 27 Fighting
 O Level 27 Maces & Flails
 + Level 22.6 Armour
 - Level 2.1 Dodging
 + Level 22.5 Shields


You had 23 spell levels left.
You didn't know any spells.
Your spell library was empty.

Dungeon Overview and Level Annotations

Branches:
Dungeon (15/15)            Temple (0/1) D:4            Lair (6/6) D:10
 Shoals (0/4) Lair:4       Spider (4/4) Lair:2        Slime (2/5) Lair:6
    Orc (2/2) D:11            Elf (3/3) Orc:2        Vaults (5/5) D:13
  Crypt (0/3) Vaults:2     Depths (4/4) D:15
    Zot: Depths:4

Altars:
Ashenzari
Elyvilon
Gozag
Hepliaklqana
Kikubaaqudgha
Sif Muna
Xom
Yredelemnul
Zin
The Shining One
Beogh
Jiyva
Lugonu

Shops:
D:1 *   D:5 =   D:12 [   Orc:2 (:*(*   Elf:3 :=   Vaults:1 *!?!   Vaults:2 [
Vaults:3 :

Portals:
Hell: Depths:1 Depths:2 Depths:3
Abyss: Depths:2 Depths:3
Pandemonium: Orc:2 Depths:1 Depths:2


Innate Abilities, Weirdness & Mutations

You have a pair of horns on your head.
You reflexively headbutt those who attack you in melee.
You tend to lose your temper in combat.
Your mind is acute. (Int +2)
Your body sometimes deteriorates upon taking damage.
You occasionally shout uncontrollably at your foes.
Your spells are a little harder to cast, but a little more powerful.


Message History

You feel strangely unstable.
The quicksilver dragon breathes dispelling energy at you.
The bolt of dispelling energy hits you!
You feel strangely stable.
The storm dragon breathes lightning at you.
The bolt of lightning hits you!
* * * LOW HITPOINT WARNING * * *
You hear a roar!
Found a scroll of identify.
The deep troll earth mage points next to you and mumbles some strange words.
The statue shatters!
The blast of rock fragments hits you but does no damage.
The storm dragon breathes lightning at you.
The bolt of lightning hits you!!
* * * LOW HITPOINT WARNING * * *
The spriggan air mage waves its arms in wide circles.
The air twists around and strikes you.
* * * LOW HITPOINT WARNING * * *
You hear a shout!
You hear a roar!
You block the deep troll earth mage's attack. x2
The deep troll earth mage claws you but does no damage.
The spriggan air mage waves its arms in wide circles.
The air twists around and strikes you!!
* * * LOW HITPOINT WARNING * * *
Your body deteriorates!
You feel dopey.
The shadow dragon breathes negative energy at you.
The bolt of negative energy misses you. You block the spriggan rider's attack.
Something unseen opens the gate.
A tengu reaver comes into view.
It is wielding a +5 war axe of electrocution.
The deep troll earth mage points next to you and mumbles some strange words.
The wall shatters!
The blast of rock fragments hits you but does no damage.
You hear a roar! x2
A white draconian comes into view. It is wielding a +0 war axe.
The white draconian roars!
You hear a roar! x2; You hear a chilling moan.
You block the spriggan rider's attack. You block the black draconian's attack.
You block the spriggan rider's attack.
The quicksilver dragon breathes dispelling energy at you.
The bolt of dispelling energy hits you!!
You die...

......... .........
.8..d.!....
..........#
..8.......#
°.........#
.......8.§#
#.......d.@#
##..8....DdT#
##).....T.iT.##
+##.§)8...TDdiii##
...........T.D..?#
.....8............#
8...8.......8.....##
.................##
................##


You could see a shadow dragon, a storm dragon, a black draconian, a green
draconian, a red draconian, a white draconian, a quicksilver dragon (catching
breath), an iron troll, a spriggan defender, 2 spriggan riders, 2 deep trolls, a
spriggan air mage (repels missiles) and 2 deep troll earth magi.

Vanquished Creatures
  A dread lich (Vaults:4)
  An ancient lich (Vaults:5)
  Saint Roka (Vaults:1)
  Xtahua (Vaults:4)
  A golden dragon (Vaults:4)
  Nikola (Spider:1)
  A bone dragon (Abyss:2)
  A lich (Depths:2)
  Jorgrun (D:14)
  A walking earthen tome (Depths:1)
  2 Hell Sentinels (Abyss:2)
  6 tentacled monstrosities
  Asterion (Vaults:2)
  9 titans
  4 deep elf master archers (Elf:3)
  2 deep elf blademasters (Elf:3)
  A quicksilver dragon (Vaults:4)
  2 tentacled starspawn (Abyss:2)
  6 tengu reavers
  8 sphinxes
  Agnes (D:14)
  3 storm dragons
  A shadow dragon (Vaults:4)
  An azure jelly (Slime:1)
  8 fire giants
  Donald (Lair:2)
  An iron dragon (shapeshifter) (Vaults:5)
  Louise (Spider:2)
  3 ghost moths
  7 deep elf sorcerers
  2 emperor scorpions (Spider:4)
  9 vault wardens
  4 frost giants
  3 iron dragons
  A draconian shifter (Depths:1)
  2 angels (Vaults:3)
  A quicksilver ooze (Lair:6)
  4 war gargoyles
  17 ironbound preservers
  3 deep elf elementalists (Elf:3)
  4 very ugly things
  A draconian stormcaller (Depths:4)
  13 stone giants
  A vampire knight (Depths:1)
  6 ironbound thunderhulks
  3 deep elf demonologists (Elf:3)
  5 deep elf annihilators
  An entropy weaver (Spider:2)
  15 dire elephants
  5 spark wasps
  Snorg (D:11)
  4 crystal guardians
  3 fire dragons
  12 ettins
  Josephine (D:11)
  2 deep elf death magi (Elf:3)
  A merfolk impaler (Depths:3)
  18 yaktaur captains
  12 hydras
  4 deep elf high priests
  5 peacekeepers
  An ice dragon (shapeshifter) (Vaults:5)
  3 great orbs of eyes
  4 ice dragons
  A demonspawn (Orc:2)
  2 rakshasas
  4 spriggan air magi
  25 vault guards
  Erolcha (D:9)
  4 centaur warriors
  2 boulder beetles
  A catoblepas (D:13)
  3 jorogumos (Spider:4)
  2 radroaches
  2 ogre magi
  9 ironbound frosthearts
  16 two-headed ogres
  38 dancing weapons
  3 hell hogs
  The ghost of dbhg the Severer, a novice MiBe of Trog (Orc:2)
  6 deep troll shamans
  5 death scarabs (Spider:4)
  12 tengu warriors
  3 orc high priests
  A vampire mage (Depths:1)
  3 deep troll earth magi (Depths:2)
  A spectral emperor scorpion (Spider:4)
  11 hell knights
  20 deep elf knights
  9 death yaks
  8 sun demons
  A wretched star (Abyss:2)
  A spatial maelstrom (Abyss:2)
  3 sun moths
  A soul eater (Depths:2)
  A sixfirhy (Depths:2)
  3 skeletal warriors
  An iron troll (Depths:2)
  2 goliath frogs (Lair:6)
  38 deep trolls
  4 pharaoh ants
  6 steelbarb worms
  16 starcursed masses (Abyss:2)
  16 deep elf archers
  A glowing orange brain (Vaults:3)
  2 flayed ghosts (Depths:2)
  16 wizards
  15 lindwurms
  7 orc knights
  A broodmother zombie (Spider:4)
  6 orb spiders
  3 spectral wolf spiders (Spider:4)
  4 necromancers
  4 phantasmal warriors
  4 harpies
  25 deep elf zephyrmancers
  Pikel (D:5)
  44 deep elf pyromancers
  A mana viper (shapeshifter) (Vaults:4)
  22 ironbound convokers
  10 orc sorcerers
  A will-o-the-wisp (Abyss:2)
  16 wolf spiders
  3 manticores
  A shining eye (Slime:1)
  A worldbinder (Abyss:2)
  6 cyclopes
  34 ugly things
  3 moths of wrath
  A rust devil (Depths:2)
  11 elephants
  16 vault sentinels
  The ghost of Maize the Chopper, a novice MiFi of Okawaru (D:5)
  3 black mambas (Lair:6)
  An eye of devastation (shapeshifter) (Vaults:5)
  A smoke demon (Abyss:2)
  4 torpor snails
  2 orange demons
  2 spectral redbacks (Spider:4)
  2 unseen horrors
  3 gargoyles
  Maggie (D:8)
  24 cane toads
  2 rime drakes
  4 demonic crawlers
  2 freezing wraiths
  8 komodo dragons
  7 ancient zymes (Abyss:2)
  4 efreet
  30 yaktaurs
  A tengu conjurer (D:13)
  4 redback zombies (Spider:4)
  2 hellwings
  A red devil (Depths:2)
  A queen bee (shapeshifter) (D:13)
  4 trolls
  2 tyrant leeches (Lair:6)
  3 polar bears
  30 slime creatures
  4 spectral tarantellas (Spider:4)
  3 spectral jumping spiders (Spider:4)
  6 raiju
  A hornet (Lair:5)
  A spectral culicivora (Spider:4)
  5 dream sheep (Lair:6)
  31 tarantellas
  23 blink frogs
  A snapping turtle (Lair:4)
  A meliai zombie (D:10)
  6 flying skulls (Abyss:2)
  28 jumping spiders
  A shadow (D:9)
  3 centaur simulacra (D:14)
  An air elemental (Elf:3)
  9 small abominations (Abyss:2)
  67 yaks
  27 culicivoras
  4 water elementals
  6 wraiths
  3 ynoxinuls (Abyss:2)
  6 hogs (Spider:1)
  A vampire (D:11)
  A hog (shapeshifter) (D:13)
  8 wyverns
  A basilisk (shapeshifter) (D:13)
  A chaos spawn (Abyss:2)
  A fire elemental (Elf:2)
  6 neqoxecs
  57 redbacks
  6 vampire mosquitoes
  8 basilisks
  5 steam dragons
  A warg (shapeshifter) (Vaults:5)
  Menkaure (D:6)
  4 wargs
  2 acid dragons
  A naga (shapeshifter) (Abyss:2)
  A harpy simulacrum (Abyss:2)
  18 water moccasins
  9 large abominations (Abyss:2)
  36 orc warriors
  An ice beast (D:6)
  A sky beast (D:6)
  A hornet zombie (D:6)
  A necrophage (D:8)
  5 ogres
  2 black bears
  7 boggarts
  4 centaurs
  15 wolves
  2 phantoms
  28 bullfrogs
  A scorpion (D:10)
  2 gnoll sergeants
  An earth elemental (Elf:3)
  A wyvern skeleton (D:5)
  6 killer bees (D:6)
  5 wights (Abyss:2)
  4 electric eels
  3 howler monkeys
  A crimson imp (Abyss:2)
  2 quasits (Abyss:2)
  3 jellies
  3 centaur zombies
  26 orc priests
  A centaur skeleton (D:7)
  A hound (D:7)
  2 iron imps (Abyss:2)
  2 gnoll shamans (D:8)
  2 bullfrog skeletons
  8 orc wizards
  An iguana (D:6)
  A hound skeleton (D:4)
  2 howler monkey zombies
  17 gnolls
  4 adders
  A river rat (D:4)
  2 shadow imps (D:7)
  3 white imps
  3 ufetubi
  3 worms (D:4)
  2 dart slugs (D:3)
  55 orcs
  7 endoplasms
  3 giant cockroaches
  8 goblins
  3 hobgoblins
  7 quokkas
  7 ball pythons
  4 bats
  5 frilled lizards
  7 kobolds
  7 rats
  A starspawn tentacle (Abyss:2)
1642 creatures vanquished.

Vanquished Creatures (collateral kills)
  A cacodemon (Depths:2)
  A dancing weapon (Elf:2)
  A deep elf pyromancer (Elf:2)
  A redback (Spider:1)
4 creatures vanquished.

Vanquished Creatures (others)
  Kirke (Spider:1)
  A deep elf knight (Elf:2)
  An iron troll (Depths:2)
  A deep elf pyromancer (Elf:3)
  A floating eye (shapeshifter) (Elf:2)
  An orc warrior (Vaults:5)
  A bullfrog (shapeshifter) (Vaults:5)
  2 orc wizards (D:8)
  An orc (Vaults:1)
  A frilled lizard (shapeshifter) (Vaults:5)
  A bush (Lair:6)
  2 foxfires (Abyss:2)
  46 fungi
  2 lurking horrors (Abyss:2)
  155 plants
  8 starspawn tentacles (Abyss:2)
225 creatures vanquished.

Grand Total: 1871 creatures vanquished

Notes
Turn   | Place    | Note
-------+----------+-------------------------------------------
     0 | D:1      | Juvenus the Minotaur Berserker began the quest for the Orb.
     0 | D:1      | Reached XP level 1. HP: 19/19 MP: 0/0
   191 | D:1      | Reached XP level 2. HP: 27/27 MP: 1/1
   598 | D:1      | Found a faded altar of an unknown god.
   799 | D:1      | Found Foenulu's General Store.
   980 | D:2      | Reached ** piety under Trog
  1129 | D:2      | Reached XP level 3. HP: 34/34 MP: 2/2
  1849 | D:3      | Found a large runed translucent door.
  1850 | D:3      | Found a large runed translucent door.
  1851 | D:3      | Found a shimmering altar of Xom.
  2583 | D:4      | Reached skill level 5 in Fighting
  2583 | D:4      | Reached skill level 5 in Maces & Flails
  2583 | D:4      | Reached XP level 4. HP: 39/42 MP: 3/3
  2727 | D:4      | Found a staircase to the Ecumenical Temple.
  2820 | D:4      | Noticed a steam dragon
  2830 | D:4      | Killed a steam dragon
  2831 | D:4      | Reached XP level 5. HP: 50/50 MP: 4/4
  2985 | D:4      | Reached *** piety under Trog
  3252 | D:4      | Reached XP level 6. HP: 57/57 MP: 5/5
  3443 | D:5      | Entered Level 5 of the Dungeon
  3833 | D:5      | Noticed an orc warrior
  3845 | D:5      | Killed an orc warrior
  3875 | D:5      | Reached XP level 7. HP: 34/66 MP: 6/6
  4494 | D:5      | Found a runed translucent door.
  4494 | D:5      | Noticed Maize's ghost (novice MiFi)
  4510 | D:5      | Killed Maize's ghost
  4516 | D:5      | Reached XP level 8. HP: 44/74 MP: 7/7
  4777 | D:5      | Noticed Pikel
  4809 | D:5      | Killed Pikel
  5135 | D:5      | Found Loehuupn's One-of-a-Kind Rings.
  5736 | D:5      | Found a hazy altar of Hepliaklqana.
  5736 | D:5      | Found a shimmering blue altar of Sif Muna.
  5742 | D:5      | Found a faded altar of an unknown god.
  5744 | D:5      | Found a white marble altar of Elyvilon.
  5746 | D:5      | Found an ancient bone altar of Kikubaaqudgha.
  6132 | D:6      | Reached XP level 9. HP: 57/81 MP: 8/8
  7304 | D:6      | Noticed Menkaure
  7308 | D:6      | Killed Menkaure
  7889 | D:7      | Reached skill level 1 in Shields
  9088 | D:8      | Noticed Maggie
  9100 | D:8      | Killed Maggie
  9101 | D:8      | Reached XP level 10. HP: 91/91 MP: 9/9
  9441 | D:8      | Found a transporter.
  9469 | D:8      | Found a transporter.
 10387 | D:9      | Reached skill level 15 in Maces & Flails
 10392 | D:9      | Reached skill level 10 in Fighting
 10566 | D:9      | Noticed a gargoyle
 10577 | D:9      | Killed a gargoyle
 10644 | D:9      | Noticed Erolcha
 10649 | D:9      | Killed Erolcha
 10970 | D:9      | Identified the +1 ring mail of the Teacher {Regen+}
 10977 | D:9      | Identified a scroll of acquirement
 10978 | D:9      | Acquired the +0 pair of gloves of Discretion {Str+4}
 11262 | D:9      | Reached XP level 11. HP: 99/99 MP: 10/10
 11426 | D:10     | Entered Level 10 of the Dungeon
 11490 | D:10     | Reached **** piety under Trog
 11610 | D:10     | Found a staircase to the Lair.
 12485 | D:11     | Noticed a two-headed ogre
 12496 | D:10     | Killed a two-headed ogre
 13630 | D:10     | Reached skill level 5 in Shields
 13919 | D:11     | Reached skill level 5 in Armour
 14627 | D:11     | Noticed Snorg
 14646 | D:11     | Killed Snorg
 15326 | D:11     | Noticed Josephine
 15344 | D:11     | Killed Josephine
 15860 | D:11     | Found a staircase to the Orcish Mines.
 16048 | D:12     | Reached XP level 12. HP: 95/110 MP: 11/11
 16141 | D:12     | Found the +7 great mace "Undeadhunter" {disrupt, rN+}
 17003 | D:12     | Noticed a two-headed ogre
 17009 | D:12     | Killed a two-headed ogre
 17064 | D:12     | Found Baschudae's Antique Armour Emporium.
 17071 | D:12     | Bought a glowing kite shield for 292 gold pieces
 17785 | Lair:1   | Entered Level 1 of the Lair of Beasts
 17826 | Lair:1   | Noticed a four-headed hydra
 17832 | Lair:1   | Killed a four-headed hydra
 18936 | Lair:1   | Identified the +0 leather armour "Saishiw" {rElec Regen+
                  | Str+6}
 19594 | Lair:2   | Found a hole to the Spider Nest.
 19715 | Lair:2   | Noticed a seven-headed hydra
 19721 | Lair:2   | Killed a seven-headed hydra
 19770 | Lair:2   | Noticed a four-headed hydra
 19777 | Lair:2   | Killed a four-headed hydra
 20481 | Lair:2   | Reached XP level 13. HP: 87/122 MP: 12/12
 23941 | Lair:4   | Reached skill level 15 in Fighting
 24029 | Lair:4   | Reached skill level 10 in Armour
 25642 | Lair:4   | Found a staircase to the Shoals.
 26493 | Lair:5   | Reached XP level 14. HP: 138/138 MP: 13/13
 27004 | Lair:6   | Entered Level 6 of the Lair of Beasts
 27004 | Lair:6   | Found a staircase to the Slime Pits.
 27075 | Lair:6   | Found a viscous altar of Jiyva.
 27379 | Lair:6   | Reached ***** piety under Trog
 28815 | Lair:6   | Identified the +10 scimitar of Karma {speed, Fly}
 28817 | Lair:6   | Identified the ring of Raethoriu {rF+ Str+4}
 28828 | Lair:6   | Identified the +7 bardiche "Tiotuadi" {elec, Str+6 Stlth+}
 30013 | D:13     | Found a gate to the Vaults.
 30013 | D:13     | Noticed an ironbound preserver
 30021 | D:13     | Killed an ironbound preserver
 30164 | D:13     | You fall into a shaft and drop 2 floors!
 30164 | D:15     | Entered Level 15 of the Dungeon
 30348 | D:15     | Found a gate leading to a gauntlet.
 30370 | D:15     | Reached XP level 15. HP: 76/150 MP: 6/14
 31256 | D:15     | Found a staircase to the Depths.
 31529 | D:14     | Noticed Agnes
 31535 | D:14     | Killed Agnes
 31624 | D:14     | Noticed Jorgrun
 31639 | D:14     | Killed Jorgrun
 32516 | D:14     | Found a broken altar of Ashenzari.
 32669 | D:14     | Noticed a sphinx
 32670 | D:14     | Paralysed by a sphinx for 3 turns
 32675 | D:14     | Killed a sphinx
 34392 | Orc:1    | Entered Level 1 of the Orcish Mines
 35439 | Orc:1    | Paralysed by an ogre mage for 2 turns
 35859 | Orc:2    | Entered Level 2 of the Orcish Mines
 36143 | Orc:2    | Found Zicuumo's General Store.
 36144 | Orc:2    | Found Homium's General Store.
 36632 | Orc:2    | Bought a scroll of teleportation for 39 gold pieces
 36634 | Orc:2    | Bought a scroll of teleportation for 36 gold pieces
 36904 | Orc:2    | Reached XP level 16. HP: 114/159 MP: 10/15
 36966 | Orc:2    | Found Hynnefit's Book Boutique.
 36966 | Orc:2    | Found Gareagh's Antique Weapon Shop.
 36967 | Orc:2    | Found a one-way gate leading to the halls of Pandemonium.
 37440 | Orc:2    | Found a staircase to the Elven Halls.
 37618 | Orc:2    | Found Ichieco's Weapon Shop.
 37627 | Orc:2    | Found a runed translucent gate.
 37627 | Orc:2    | Found a runed translucent gate.
 37627 | Orc:2    | Found a runed translucent gate.
 37629 | Orc:2    | Found an opulent altar of Gozag.
 37652 | Orc:2    | Noticed dbhg's ghost (novice MiBe)
 37780 | Orc:2    | Killed dbhg's ghost
 38049 | Spider:1 | Entered Level 1 of the Spider Nest
 38056 | Spider:1 | Received a gift from Trog
 38082 | Spider:1 | Noticed Nikola
 38090 | Spider:1 | Killed Nikola
 38548 | Spider:1 | HP: 7/162 [tarantella (7)]
 38624 | Spider:1 | Noticed Kirke
 38647 | Spider:1 | Killed Kirke
 38948 | Spider:1 | Noticed Donald
 39876 | Lair:2   | Killed Donald
 41075 | Spider:2 | Noticed Louise
 41091 | Spider:2 | Killed Louise
 42580 | Spider:3 | Reached skill level 15 in Armour
 43465 | Spider:3 | Acquired the amulet of Qazlal's Benevolence {Reflect Str+3
                  | SH+5}
 43600 | Spider:4 | Entered Level 4 of the Spider Nest
 45619 | Spider:4 | Paralysed by a jorogumo for 2 turns
 47186 | Spider:3 | HP: 7/167 [redback (10)]
 47193 | Spider:3 | Received a gift from Trog
 48589 | Spider:4 | Reached XP level 17. HP: 173/174 MP: 16/16
 50958 | Spider:4 | Got a gossamer rune of Zot
 50964 | Spider:4 | Identified the +0 hat "Joakhew" {Fly rN+ Str-2}
 51589 | Slime:1  | Entered Level 1 of the Pits of Slime
 51591 | Slime:1  | Gained mutation: You sometimes lose the ability to read
                  | scrolls when taking damage. [a shining eye]
 51599 | Slime:1  | Noticed an acid blob
 51601 | Slime:1  | Gained mutation: You are frail. (-10% HP) [a shining eye]
 51608 | Slime:2  | Noticed an acid blob
 51608 | Slime:2  | Noticed an acid blob
 51952 | Lair:6   | Lost mutation: You are frail. (-10% HP) [potion of
                  | mutation]
 51952 | Lair:6   | Lost mutation: You sometimes lose the ability to read
                  | scrolls when taking damage. [potion of mutation]
 51952 | Lair:6   | Gained mutation: Armour fits poorly on your strangely
                  | shaped body. [potion of mutation]
 51952 | Lair:6   | Gained mutation: You are somewhat resistant to further
                  | mutation. [potion of mutation]
 51953 | Lair:6   | Lost mutation: You are somewhat resistant to further
                  | mutation. [potion of mutation]
 51953 | Lair:6   | Lost mutation: Armour fits poorly on your strangely shaped
                  | body. [potion of mutation]
 51953 | Lair:6   | Gained mutation: Your body sometimes deteriorates upon
                  | taking damage. [potion of mutation]
 51953 | Lair:6   | Gained mutation: Your mind is acute. (Int +2) [potion of
                  | mutation]
 52143 | Elf:1    | Entered Level 1 of the Elven Halls
 52476 | Elf:1    | Received a gift from Trog
 54659 | Elf:1    | Received a gift from Trog
 56574 | Elf:2    | Reached XP level 18. HP: 140/188 MP: 17/17
 57086 | Elf:2    | Found a runed translucent gate.
 57086 | Elf:2    | Found a runed translucent gate.
 57086 | Elf:2    | Found a runed translucent gate.
 57185 | Elf:2    | Received a gift from Trog
 57906 | Elf:2    | Cast into level 2 of the Abyss (+0 double sword of
                  | distortion)
 58090 | Abyss:2  | Noticed a Hell Sentinel
 58101 | Abyss:2  | Killed a Hell Sentinel
 58165 | Abyss:2  | Gained mutation: You occasionally shout uncontrollably at
                  | your foes. [a neqoxec]
 58468 | Elf:2    | Escaped the Abyss
 59175 | Elf:3    | Entered Level 3 of the Elven Halls
 59687 | Elf:3    | Paralysed by an air elemental for 1 turns
 60481 | Elf:3    | Found Enioram's Jewellery Boutique.
 60486 | Elf:3    | Found Dolelat's Book Emporium.
 61243 | Elf:3    | Received a gift from Trog
 61244 | Elf:3    | Noticed an Ice Fiend
 62037 | Elf:3    | Identified the +2 hand crossbow "Juesosoy" {elec, rF+}
 62552 | Elf:3    | Found the +5 scythe "Finisher" {speed, eviscerate}
 62930 | Elf:3    | Identified the +3 glaive "Guohiq" {venom, rPois rF- Will+
                  | Str+7}
 62935 | Elf:3    | Identified the +4 ring mail "Idef" {Will+++ Regen+ SInv}
 62953 | Elf:3    | Found the +0 staff of Battle
 62968 | Elf:3    | Reached XP level 19. HP: 107/198 MP: 18/18
 62971 | Elf:3    | Identified the +8 battleaxe of Atujihir {antimagic, Str+2
                  | Dex+8}
 63336 | Elf:3    | Identified the +11 triple sword of Tyuh {protect, *Slow rF+
                  | Int+2 Dex+5 Stlth+}
 63493 | Elf:3    | Identified the +4 chain mail "Kiummaquy" {rC++ Str-3 Int+4
                  | Slay+3}
 63582 | Elf:3    | Reached XP level 20. HP: 206/206 MP: 19/19
 63583 | Elf:3    | Reached XP level 21. HP: 214/214 MP: 20/20
 63849 | Vaults:1 | Entered Level 1 of the Vaults
 63870 | Vaults:1 | Reached skill level 10 in Shields
 64351 | Vaults:1 | Found Moadwibb's Magic Scroll Emporium.
 64730 | Vaults:1 | Bought a scroll of enchant armour for 112 gold pieces
 64798 | Vaults:1 | Found Taf Elopt's General Store.
 64805 | Vaults:1 | Bought a scroll of teleportation for 57 gold pieces
 64805 | Vaults:1 | Bought a potion of heal wounds for 95 gold pieces
 64831 | Vaults:1 | Found Bujaecat's Distillery.
 64854 | Vaults:1 | Bought a potion of heal wounds for 70 gold pieces
 65059 | Vaults:1 | Found Edduguta's Distillery.
 65067 | Vaults:1 | Bought a potion of mutation for 144 gold pieces
 65720 | Vaults:1 | Noticed Saint Roka
 65735 | Vaults:1 | Killed Saint Roka
 66434 | Vaults:1 | Received a gift from Trog
 66610 | Vaults:2 | Noticed Asterion
 66622 | Vaults:2 | Killed Asterion
 66640 | Vaults:2 | Reached skill level 27 in Maces & Flails
 66818 | Vaults:2 | Found Impufad's Armour Emporium.
 67825 | Vaults:2 | Found a staircase to the Crypt.
 67825 | Vaults:2 | Found a basalt altar of Yredelemnul.
 67826 | Vaults:2 | Found an ancient bone altar of Kikubaaqudgha.
 68185 | Vaults:3 | Reached ****** piety under Trog
 68196 | Vaults:3 | Received a gift from Trog
 68801 | Vaults:3 | Reached skill level 15 in Shields
 68966 | Vaults:3 | Found Owuamif's Book Shoppe.
 69819 | Vaults:3 | Received a gift from Trog
 69839 | Vaults:3 | Identified the +4 morningstar "Qapsaqeh" {flame, rF+ rCorr
                  | Dex-4}
 70022 | Vaults:3 | Found a white marble altar of Elyvilon.
 70022 | Vaults:3 | Found a glowing golden altar of the Shining One.
 70044 | Vaults:3 | Found a glowing silver altar of Zin.
 70331 | Vaults:4 | Reached XP level 22. HP: 195/224 MP: 21/21
 70454 | Vaults:4 | Cast into level 2 of the Abyss (a wizard)
 70503 | Abyss:2  | Gained mutation: You sometimes lose the ability to read
                  | scrolls when taking damage. [a neqoxec]
 70732 | Abyss:2  | Gained mutation: You frequently scream uncontrollably at
                  | your foes. [a neqoxec]
 70869 | Vaults:4 | Escaped the Abyss
 71139 | Vaults:4 | Lost mutation: You sometimes lose the ability to read
                  | scrolls when taking damage. [potion of mutation]
 71139 | Vaults:4 | Lost mutation: You frequently scream uncontrollably at your
                  | foes. [potion of mutation]
 71139 | Vaults:4 | Gained mutation: Your spells are a little harder to cast,
                  | but a little more powerful. [potion of mutation]
 71967 | Vaults:4 | Identified the +7 spear "Qoanitto" {flame, Contam Fly
                  | rPois} (Trog gifted it to you on level 4 of the Vaults)
 71967 | Vaults:4 | Received a gift from Trog
 72071 | Vaults:4 | Noticed Xtahua
 72072 | Vaults:4 | Paralysed by Xtahua for 2 turns
 72077 | Vaults:4 | Killed Xtahua
 72631 | Vaults:5 | Entered Level 5 of the Vaults
 73323 | Vaults:4 | Reached skill level 27 in Fighting
 74814 | Vaults:5 | Noticed a dread lich
 74826 | Vaults:4 | Killed a dread lich
 75003 | Vaults:4 | Identified the +2 mace "Tiussus" {flame, *Corrode Fly rF+}
                  | (Trog gifted it to you on level 4 of the Vaults)
 75003 | Vaults:4 | Received a gift from Trog
 75787 | Vaults:5 | Noticed a golden dragon
 75802 | Vaults:4 | HP: 11/233 [ettin/+0 dire flail (22)]
 76460 | Vaults:4 | Killed a golden dragon
 76925 | Vaults:5 | Paralysed by an ogre mage for 4 turns
 77587 | Vaults:5 | Cast into level 2 of the Abyss (a deep elf sorcerer)
 77637 | Vaults:5 | Escaped the Abyss
 77983 | Vaults:5 | Reached XP level 23. HP: 213/240 MP: 22/22
 78320 | Vaults:4 | HP: 12/240 [constriction (3)]
 78977 | Vaults:4 | Paralysed by a sphinx for 3 turns
 79857 | Vaults:5 | Received a gift from Trog
 80200 | Vaults:5 | Noticed an ancient lich
 80249 | Vaults:5 | Killed an ancient lich
 80485 | Vaults:5 | Got a silver rune of Zot
 80625 | Vaults:5 | Identified the +11 scythe of Damp Guile {drain, rN+ Int+2}
 80871 | Vaults:5 | Acquired the +5 kite shield "Xyshy" {Will+ rCorr}
 81113 | Depths:1 | Entered Level 1 of the Depths
 81570 | Depths:1 | Found a gateway to Hell.
 82393 | Depths:2 | Received a gift from Trog
 83298 | Depths:2 | Gained mutation: You tend to lose your temper in combat. [a
                  | cacodemon]
 84281 | Depths:2 | Found a one-way gate to the infinite horrors of the Abyss.
 84307 | Depths:2 | Identified the ring of Tusatum {Will+ rCorr Str+4 Int-2}
 84439 | Depths:2 | Received a gift from Trog
 85469 | Orc:2    | Bought a scroll of enchant armour for 90 gold pieces
 85850 | Depths:3 | Found a corrupted altar of Lugonu.
 85861 | Depths:3 | Reached XP level 24. HP: 248/249 MP: 22/22
 86227 | Depths:3 | You fall into a shaft and drop 1 floor!
 86227 | Depths:4 | Entered Level 4 of the Depths
 86278 | Depths:4 | Killed from afar by a quicksilver dragon

Illustrated notes

Levels and vault maps discovered:
D:1:      amcnicky_arrival_wind_blow, layout_loops_corners,
          ebering_ecumenical_altar_box, serial_shops, shop
D:2:      layout_loops_ring
D:3:      due_chaos_kobolds, layout_rooms
D:4:      kennysheep_spiral_hall, layout_gridville,
          minmay_temple_entry_nine_rooms, gup_sewer_entry_spiral
D:5:      layout_rooms, chequers_temple_overflow_minitemple,
          hellmonk_ghost_happy_afterlife, nicolae_shop_unique_rings, uniq_pikel
D:6:      layout_loops_ring, uniq_menkaure
D:7:      layout_basic
D:8:      gammafunk_beogh_shrine, layout_rooms, uniq_maggie
D:9:      layout_basic, uniq_erolcha
D:10:     layout_roguey, minmay_lair_entry_grove, abandoned_shop
D:11:     layout_loops_ring, david_orc_1_choice, uniq_snorg, uniq_josephine
D:12:     layout_basic, serial_shops, shop_fountains, kennysheep_cross_room,
          serial_park_tiny_2
D:13:     layout_irregular_city, skrybe_vaults_entry_preservation
D:14:     layout_grid_maze, serial_ice, serial_ice_b, serial_ice_l,
          serial_ice_e, serial_ice_a, portal_ice_cave_entry_pillars_three,
          nicolae_ashenzari_skybound, lightli_fourway_metalbox, uniq_agnes,
          uniq_jorgrun
D:15:     grunt_enter_depths_snipers, layout_gridville, gauntlet_entry_generic,
          hangedman_decor_points
Lair:1:   layout_gridlike, serial_bayou_pond_b, hibernation_bobbens,
          serial_bayou_shore_a
Lair:2:   layout_chaotic_city, nicolae_spider_entry_tight_spaces
Lair:3:   layout_hall_layers, serial_bayou_shore_b, infiniplex_staircase_pool,
          grunt_megastairs_4
Lair:4:   layout_roguey, minmay_shoals_entry_hut, amcnicky_mini_pool_medium
Lair:5:   cheibrodos_lair_overgrown_chateau, layout_gridlike
Lair:6:   minmay_lair_end_frog_pond, layout_concentric_octagons, slime_altar_1
Spider:1: layout_spider_delve, hangedman_spider_tarantella_strand, uniq_kirke,
          uniq_donald, uniq_nikola
Spider:2: layout_spider_delve, uniq_louise
Spider:3: layout_spider_delve
Spider:4: floodkiller_spider_rune_tomb
Slime:1:  layout_caves
Slime:2:  layout_caves
Orc:1:    layout_caves, basic_altar
Orc:2:    pf_orc_diabolical, layout_caves, serial_shops,
          nicolae_shop_bloodbath_and_beyond, ebering_ghost_gozag,
          nicolae_orc_lava_room
Elf:1:    nicolae_elf_arrival_fired_up, layout_rooms,
          hangedman_elven_crosses_minicolossus, drop_trap
Elf:2:    nicolae_elf_blades_splatter_lattice [nicolae_blade_little_rooms],
          layout_rooms
Elf:3:    minmay_elf_hall, layout_onion_city, serial_shops,
          nicolae_shop_statue_plus, nicolae_shop_advertising_works
          [nicolae_subvault_shop_adworks]
Vaults:1: nicolae_vaults_back_hallway, nicolae_vaults_little_squares_5,
          nicolae_vaults_little_squares_6, nicolae_vaults_circle_grid_b,
          hangedman_vaults_stream, vaults_room_stairs_pillars,
          grunt_vaults_bifocal, nicolae_vaults_network_quincunx
          [nicolae_vaults_network_quincunx_subvault,
          nicolae_vaults_network_quincunx_subvault,
          nicolae_vaults_network_quincunx_subvault,
          nicolae_vaults_network_quincunx_subvault,
          nicolae_vaults_network_quincunx_subvault], v_pattern_5,
          layout_vaults_omnibox, serial_shops, shop, nicolae_shop_trees, shop,
          shop, uniq_saint_roka
Vaults:2: nicolae_vaults_specimen_jars, st_diamondy, vaults_dpeg_diagonal,
          grunt_vaults_diagonal, minmay_crypt_entry_necro_gods,
          vaults_room_grid, ontoclasm_vaults_loading_screen,
          vaults_dpeg_encased_lava, v_misc_19, layout_vaults_quadrants,
          serial_shops, shop, uniq_asterion
Vaults:3: portal_desolation_entry_holy_temple, vaults_standard_mumra_lines,
          v_misc_17, v_misc_5, vaults_room_octagon, vaults_room_grid,
          hangedman_vaults_nails, vaults_dpeg_ring, nicolae_vaults_triangles,
          vaults_room_hangedman_quadrants, vaults_mumra_hex,
          layout_vaults_big_room, serial_shops,
          nicolae_shop_competitors_out_of_business
Vaults:4: dpeg_vaults_monster_box, nicolae_vaults_sealed_display,
          hangedman_vaults_capsules, nicolae_vaults_little_squares_5,
          ontoclasm_vaults_claustrophobia, hangedman_vaults_maws,
          nicolae_vaults_big_ls, v_misc_11, ontoclasm_vaults_misaligned,
          nicolae_vaults_shelves_hall, vaults_room_hallway,
          ontoclasm_vaults_ligature, layout_vaults_maze_bifur, uniq_xtahua
Vaults:5
Depths:1: layout_twisted_cross, hangedman_geh_valley,
          minmay_misc_feat_four_crosses, rand_demon_pan_entry_1,
          minmay_misc_feat_ornament, minmay_librarian
Depths:2: minmay_complete_graph, layout_cave_pools, grunt_pan_entry_sceptre,
          minmay_misc_feat_columns, hell_entry, abyss_entry_crystal,
          serial_bayou_pond_a, grunt_decor_resistance, grunt_ministairs_2
Depths:3: cheibrodos_witchhunters_guild, layout_gridlike, nrook_pool_corridor,
          abyss_entry_flame_altar, hell_entry
Depths:4: grunt_profane_halls [grunt_profane_temple_geh,
          grunt_profane_temple_coc, grunt_profane_temple_tar,
          grunt_profane_temple_dis, grunt_zot_portal], hell_entry

Skill      XL: |  1  2  3  4  5  6  7  8  9 10 11 12 13 14 15 16 17 18 19 20 21 22 23 |
---------------+----------------------------------------------------------------------+-----
Fighting       | 4 5 6 7 8 9 10 11 13 16 18 19 21 23 24 27 | 27.0
Maces & Flails | 4 5 6 7 9 12 14 17 18 19 20 22 23 24 25 26 27 | 27.0
Shields        | 3 4 6 8 9 15 19 22 | 22.5
Armour         | 4 6 8 10 13 16 17 19 20 22 | 22.6
Dodging        | |  2.1

Action                   |  1- 3 |  4- 6 |  7- 9 | 10-12 | 13-15 | 16-18 | 19-21 | 22-24 || total
-------------------------+-------+-------+-------+-------+-------+-------+-------+-------++-------
Melee: Mace              |   102 |    74 |    44 |     2 |       |    48 |       |       ||   270
       Headbutt          |     9 |     9 |    40 |   116 |   186 |   226 |   141 |   346 ||  1073
       Whip              |       |       |   149 |   416 |       |       |       |       ||   565
       Great mace        |       |       |       |   152 |   880 |  1170 |       |   119 ||  2321
       Morningstar       |       |       |       |       |       |    47 |   517 |  1046 ||  1610
Invok: Berserk           |     2 |     2 |     5 |    16 |    12 |    11 |       |     2 ||    50
       Trog's Hand       |       |     1 |     2 |     5 |    15 |    20 |     2 |    22 ||    67
       Brothers in Arms  |       |       |       |       |       |     2 |       |     2 ||     4
  Use: Scroll            |       |       |     7 |     8 |    16 |    38 |     3 |    14 ||    86
       Potion            |       |       |     1 |     4 |     1 |    10 |     2 |     3 ||    21
 Stab: Distracted        |       |       |       |       |     1 |     1 |       |       ||     2
Armor: Ring mail         |    20 |       |       |       |       |       |       |       ||    20
       Animal skin       |     1 |       |       |       |       |       |       |       ||     1
       Chain mail        |     2 |    24 |    63 |    62 |       |       |       |       ||   151
       Scale mail        |       |       |       |   114 |    41 |       |       |       ||   155
       Crystal plate arm |       |       |       |       |   542 |  1144 |   280 |   543 ||  2509
       Gold dragon scale |       |       |       |       |       |       |       |   119 ||   119
Dodge: Dodged            |    56 |    21 |    46 |   173 |   295 |   513 |    89 |   282 ||  1475
Block: Buckler           |     2 |     4 |    19 |    52 |       |       |       |       ||    77
       Other             |       |       |       |       |       |   204 |       |    18 ||   222
       Kite shield       |       |       |       |       |       |    88 |   416 |  1074 ||  1578
       Reflection        |       |       |       |       |       |    28 |    42 |    79 ||   149
